 Dungeon Crawl Stone Soup version 0.19-a0-283-g61a59a3 (webtiles) character file.

37 FitzyFitz the Grave Robber (level 3, 0/24 HPs)
             Began as a Vampire Necromancer on May 26, 2016.
             Slain by a kobold
             ... wielding a +0 short sword
              (3 damage)
             ... on level 2 of the Dungeon.
             The game lasted 00:04:34 (1230 turns).

FitzyFitz the Grave Robber (Vampire Necromancer)    Turns: 1230, Time: 00:04:35

Health: 0/24       AC:  3    Str:  7    XL:     3   Next: 21%
Magic:  6/6        EV: 12    Int: 18    God:
Gold:   28         SH:  0    Dex: 14    Spells: 2 memorised, 2 levels left

rFire  x . .     SeeInvis +     n - +0 dagger
rCold  + . .     Gourm    .     a - +0 robe
rNeg   . . .     Faith    .     (no shield)
rPois  .         Spirit   .     (no helmet)
rElec  .         Dismiss  .     (no cloak)
rCorr  .         Reflect  .     (no gloves)
SustAt .         Harm     .     g - +0 pair of boots
MR     .....                    (no amulet)
Stlth  ++........               (no ring)
                                f - ring of ice

@: regenerating very quickly, not resistant to hostile enchantments, unstealthy
A: fangs 3, see invisible, unbreathing
a: no special abilities


You were on level 2 of the Dungeon.
You were almost alive.

You visited 1 branch of the dungeon, and saw 2 of its levels.

You collected 28 gold pieces.

Inventory:

Hand Weapons
 m - a +0 short sword
 n - a +0 dagger (weapon)
Missiles
 e - 11 stones (quivered)
 o - a throwing net
Armour
 a - a +0 robe (worn)
 g - a +0 pair of boots (worn)
Jewellery
 f - a ring of ice (left hand)
Scrolls
 d - 3 scrolls of identify {unknown}
 h - a scroll of blinking {unknown}
 i - 2 scrolls of teleportation {unknown}
 j - a scroll of amnesia {unknown}
 k - a scroll of fog {unknown}
 q - a scroll of enchant weapon {unknown}
Potions
 c - a potion of blood
 l - a potion of haste {unknown}
 p - a potion of flight {unknown}
 r - a potion of heal wounds {unknown}
Books
 b - a book of Necromancy

   Spells                             Type                      Level
   a - Pain                           Necromancy                   1
   b - Animate Skeleton               Necromancy                   1
   c - Vampiric Draining              Necromancy                   3
   d - Regeneration                   Charms/Necromancy            3
   e - Animate Dead                   Necromancy                   4
   f - Control Undead                 Necromancy                   4


   Skills:
 - Level 2.1 Dodging
 - Level 3.0 Stealth
 - Level 2.0 Spellcasting
 + Level 5.6 Necromancy


You had 2 spell levels left.
You knew the following spells:

 Your Spells              Type           Power        Failure   Level  Hunger
a - Pain                  Necr           ###.         1%          1    #......
b - Vampiric Draining     Necr           ###.......   6%          3    ###....


Dungeon Overview and Level Annotations

Branches:
Dungeon (2/15)

Altars:
Kikubaaqudgha


Innate Abilities, Weirdness & Mutations

Your natural rate of healing is extremely fast.
You have razor-sharp teeth.
You have supernaturally acute eyesight. (SInv)
You can survive without breathing.


Message History

The kobold is moderately wounded.
The quokka twitches its whiskers.
The quokka bites you but does no damage.
The quokka completely misses you. The kobold hits you with a short sword.
A hobgoblin comes into view. It is wielding a club.
You hit the kobold but do no damage.
The kobold is moderately wounded.
The quokka bites you. The kobold hits you with a short sword.
You closely miss the quokka. The quokka bites you.
* * * LOW HITPOINT WARNING * * *
The kobold hits you but does no damage.
You barely miss the quokka. The quokka barely misses you.
The kobold closely misses you.
You hit the quokka but do no damage. The quokka bites you.
* * * LOW HITPOINT WARNING * * *
The kobold barely misses you.
You hit the quokka but do no damage. The quokka bites you.
* * * LOW HITPOINT WARNING * * *
The quokka barely misses you. The kobold hits you with a short sword.
You die...

# ....#. .g# ..
..#... #.# #. #.##.#
#.# #..#.##.#####.#
...#.##.##.((.#
#.....<.......####
.................# #
##.###.........#.##.#
#. #.......ggK@r..# #
#.........#.####
#.###.......#
.........####
##.###...## ##.# #.


You could see a quokka, a hobgoblin, a goblin and a kobold.

Vanquished Creatures
  2 oozes (D:1)
  A dart slug (D:1)
  A giant gecko (D:1)
  A goblin (D:1)
  6 hobgoblins (D:1)
  5 bats (D:1)
  2 giant newts (D:1)
  3 kobolds (D:1)
  4 rats
25 creatures vanquished.

Notes
Turn   | Place    | Note
--------------------------------------------------------------
     0 | D:1      | FitzyFitz the Vampire Necromancer began the quest for the Orb.
     0 | D:1      | Reached XP level 1. HP: 13/13 MP: 3/3
   483 | D:1      | Upgraded the game from 0.19-a0-264-gaf32591 to 0.19-a0-283-g61a59a3
   485 | D:1      | Reached XP level 2. HP: 16/19 MP: 0/5
   640 | D:1      | Reached skill level 5 in Necromancy
  1055 | D:1      | Reached XP level 3. HP: 23/24 MP: 4/6
  1190 | D:1      | Learned a level 3 spell: Vampiric Draining
  1209 | D:2      | Found an ancient bone altar of Kikubaaqudgha.
  1230 | D:2      | Slain by a kobold

Vault maps used:
D:1:      lightli_arrival_flooded_house
D:2:      ashenzari_altar_1, lemuel_crystal_altar, uniq_iyjb

Skill      XL: |  1  2 |
---------------+-------+-----
Necromancy     | 5 |  5.6
Dodging        | |  2.1
Stealth        | |  3.0
Spellcasting   | |  2.0

Action                   || total
-------------------------++-------
Melee: Unarmed           ||    23
       Bite              ||     2
       Dagger            ||    54
Throw: Stone             ||     1
 Cast: Pain              ||    33
 Stab: Sleeping          ||     3
  Eat: Corpse            ||    11
Armor: Robe              ||    17
Dodge: Dodged            ||    55
